 Dungeon Crawl Stone Soup version 0.16-a0-129-gbf5829b (webtiles) character file.

1072 HiobMontag the Reanimator (level 8, -2/64 HPs)
             Began as a Deep Dwarf Necromancer on Aug 13, 2014.
             Slain by an orc warrior
             ... wielding a +0 halberd
              (21 damage)
             ... on Level 6 of the Dungeon.
             The game lasted 00:57:57 (6225 turns).

HiobMontag the Reanimator (Deep Dwarf Necromancer)  Turns: 6225, Time: 00:57:57

HP  -2/64        AC  3     Str 13      XL: 8   Next:  7%
MP   0/20        EV 13     Int 17      God:
Gold 251         SH  0     Dex 13      Spells:  5 memorised,  4 levels left

rFire  . . .     SeeInvis .     a - +2 dagger (speed)
rCold  . . .     Clarity  .     n - +0 robe
rNeg   . . .     rCorr    .     (no shield)
rPois  .         rRot     .     (no helmet)
rElec  .         Spirit   .     (no cloak)
SustAb .         Warding  .     (no gloves)
rMut   .         Stasis   .     e - +0 pair of boots
Gourm  .                        (no amulet)
MR     +....                    (no ring)
                                o - ring of wizardry

@: non-regenerating, somewhat resistant to hostile enchantments, fairly stealthy
A: damage resistance, recharge devices, sense surroundings 1, slow healing 3
a: Device Recharging


You were on level 6 of the Dungeon.
You were not hungry.

You visited 1 branch of the dungeon, and saw 6 of its levels.
You also visited: Ossuary.

You collected 251 gold pieces.

Inventory:

Hand weapons
 a - a +2 dagger of speed (weapon)
 b - a +0 blowgun
 A - a +1 vampiric dagger
 G - a +2 flail of crushing
Missiles
 h - 30 poisoned needles
Armour
 e - a +0 pair of boots (worn)
 n - a +0 robe (worn)
 I - a +0 robe
Magical devices
 c - a wand of heal wounds (4)
 u - a wand of digging (12) {unknown}
Comestibles
 d - 5 bread rations
 i - a beef jerky
 k - 2 meat rations
 p - 3 fruits
 C - a royal jelly
 D - 2 chunks of orc flesh
 J - 4 chunks of orc flesh
Scrolls
 f - 2 scrolls of teleportation
 j - 2 scrolls of blinking
 t - 2 scrolls of remove curse {unknown}
 x - 2 scrolls of enchant armour {unknown}
 y - 3 scrolls of fog {unknown}
 E - a scroll of enchant weapon {unknown}
 F - a scroll of torment {unknown}
Jewellery
 o - a ring of wizardry (left hand)
 v - an uncursed ring of protection from fire
Potions
 g - a potion of invisibility {unknown}
 l - a potion of heal wounds {unknown}
 m - 2 potions of brilliance {unknown}
 q - a potion of flight {unknown}
 r - 3 potions of curing
 s - a potion of poison {unknown}
 z - a potion of berserk rage {unknown}
 B - 2 potions of might {unknown}
 H - a potion of mutation {unknown}
Books
 w - a book of Necromancy

   Spells                             Type                      Level
   *Pain                              Necromancy                   1
   *Animate Skeleton                  Necromancy                   1
   *Vampiric Draining                 Necromancy                   3
   Regeneration                       Charms/Necromancy            3
   *Animate Dead                      Necromancy                   4
   *Control Undead                    Necromancy                   4


   Skills:
 + Level 1.0 Fighting
 + Level 0.1 Short Blades
 + Level 0.6 Throwing
 + Level 3.0 Dodging
 + Level 4.2 Stealth
 + Level 5.2 Spellcasting
 + Level 8.2 Necromancy


You had 4 spell levels left.
You knew the following spells:

 Your Spells              Type           Power        Failure   Level  Hunger
a - Pain                  Necr           ####         1%          1    None
b - Animate Skeleton      Necr           N/A          1%          1    None
c - Vampiric Draining     Necr           ####......   1%          3    ###....
d - Control Undead        Necr           ####......   2%          4    ####...
e - Animate Dead          Necr           N/A          2%          4    ####...


Dungeon Overview and Level Annotations

Branches:
Dungeon (6/15)             Temple (0/1) D:6

Altars:
Dithmenos
Makhleb
Xom

Annotations:
D:5 haldagan's ghost, experienced MfGl
D:6 Duvessa


Innate Abilities, Weirdness & Mutations

You are resistant to damage.
You can recharge devices by infusing magical energy.
You passively map a small area around you.
You do not heal naturally.


Message History

Your hands tingle!
a - a +2 dagger of speed (weapon)
Casting: Vampiric Draining
Confirm with . or Enter, or press ? or * to list all spells.
Aiming: Pain
Press: ? - help, Shift-Dir - straight line, f/p - orc warrior
Aim: an orc warrior, wielding a halberd and wearing a chain mail (severely wounded, poisoned)
The orc warrior convulses in agony!
The orc warrior hits you from afar with a halberd.
The orc warrior hits you with a halberd!
* * * LOW HITPOINT WARNING * * *
You barely miss the orc warrior.
The orc warrior is almost dead.
You barely miss the orc warrior.
The orc warrior is almost dead.
The orc warrior closely misses you.
You hit the orc warrior but do no damage.
The orc warrior is almost dead.
The orc warrior hits you with a halberd!!
You die...

### *#### #.. ..# ###
#.# * #.# ..# #.#
#(#######
.>######.#####.o@....#
........(......()<##.#
..######...#######...###
.........))............#
#.####.)...#########.#.#
### #........# * *#.#.##
#........#*, #.#%.#
#......?.# ,#.##.##.#
#........# <#.......#


You could see an orc warrior.

Vanquished Creatures
  A phantom (D:4)
  An ogre (D:5)
  A giant frog (D:6)
  2 scorpions
  A goliath beetle (D:6)
  2 hounds
  3 orc priests
  An iguana (D:5)
  An orc wizard (D:6)
  4 worker ants
  3 gnolls (D:5)
  6 adders
  An orc skeleton (D:5)
  4 worms
  3 giant geckos
  2 oozes
  11 orcs
  4 giant cockroaches
  11 hobgoblins
  12 kobolds
  A quokka (D:5)
  9 bats
  2 giant newts
  12 goblins
  5 rats
103 creatures vanquished.

Vanquished Creatures (collateral kills)
  An ogre (D:3)
  Sigmund (D:5)
  A crimson imp (D:5)
  A hound (D:5)
  An iguana (D:5)
  An orc wizard (D:5)
  A worker ant zombie (D:5)
  A giant mite zombie (D:5)
  2 hobgoblins (D:1)
  A giant gecko (D:1)
  2 goblins (D:5)
  3 kobolds
  A quokka skeleton (D:5)
17 creatures vanquished.

Vanquished Creatures (others)
  2 hound skeletons (D:5)
  An adder skeleton (D:2)
  A human skeleton (D:5)
  6 bat skeletons
  A gnoll skeleton (D:5)
  A giant gecko skeleton (D:5)
  5 goblin skeletons
  7 hobgoblin skeletons
  8 kobold skeletons
  7 orc skeletons
  3 rat skeletons
42 creatures vanquished.

Grand Total: 162 creatures vanquished

Notes
Turn   | Place    | Note
--------------------------------------------------------------
     0 | D:1      | HiobMontag, the Deep Dwarf Necromancer, began the quest for the Orb.
     0 | D:1      | Reached XP level 1. HP: 15/15 MP: 2/2
    24 | D:1      | Learned a level 1 spell: Animate Skeleton
   254 | D:1      | Reached XP level 2. HP: 22/22 MP: 0/3
   827 | D:1      | Reached skill level 5 in Necromancy
   888 | D:1      | Reached XP level 3. HP: 19/28 MP: 0/6
  1078 | D:2      | Learned a level 3 spell: Vampiric Draining
  1924 | D:3      | Found a shadowy altar of Dithmenos.
  1973 | D:3      | Reached XP level 4. HP: 36/36 MP: 4/8
  2111 | D:3      | Noticed an ogre
  2125 | D:3      | Killed an ogre
  2125 | D:3      | Reached XP level 5. HP: 21/42 MP: 0/10
  2386 | D:3      | Reached skill level 6 in Necromancy
  3033 | D:4      | Noticed a phantom
  3035 | D:4      | Found a burning altar of Makhleb.
  3087 | D:4      | Killed a phantom
  3087 | D:4      | Reached XP level 6. HP: 17/50 MP: 13/13
  3293 | D:4      | Found a sand-covered staircase.
  3302 | Ossuary  | Entered an ossuary
  3315 | D:4      | Learned a level 4 spell: Control Undead
  3888 | D:5      | Entered Level 5 of the Dungeon
  3937 | D:5      | Noticed haldagan's ghost (experienced MfGl)
  4146 | D:5      | Reached skill level 7 in Necromancy
  4438 | D:5      | Noticed Sigmund
  4450 | D:5      | Killed Sigmund
  4450 | D:5      | Reached XP level 7. HP: 43/56 MP: 14/17
  4632 | D:5      | Reached skill level 1 in Fighting
  5292 | D:5      | Your ally Sigmund died
  5336 | D:5      | Learned a level 4 spell: Animate Dead
  5774 | D:5      | Found a shimmering altar of Xom.
  6001 | D:6      | Reached skill level 8 in Necromancy
  6014 | D:6      | Noticed Duvessa
  6040 | D:6      | Reached skill level 5 in Spellcasting
  6094 | D:6      | Reached XP level 8. HP: 51/64 MP: 14/20
  6146 | D:6      | Found a staircase to the Ecumenical Temple.
  6225 | D:6      | Slain by an orc warrior

Action                   |  1- 3 |  4- 6 |  7- 9 || total
-------------------------+-------+-------+-------++-------
Melee: Unarmed           |     2 |       |       ||     2
       Dagger            |     2 |    36 |    15 ||    53
 Fire: Blowgun           |       |     7 |    28 ||    35
Throw: Tomahawk          |       |       |     4 ||     4
 Cast: Pain              |    50 |    44 |    49 ||   143
       Animate Skeleton  |    22 |    12 |    14 ||    48
       Vampiric Draining |    12 |    32 |    33 ||    77
       Control Undead    |       |       |     5 ||     5
Evoke: Wand              |       |       |     1 ||     1
  Use: Scroll            |     4 |     2 |       ||     6
       Potion            |       |     2 |       ||     2
 Stab: Sleeping          |       |     3 |     6 ||     9
  Eat: Chunk             |     4 |     8 |     7 ||    19
       Meat ration       |     1 |       |     1 ||     2
